 Dungeon Crawl Stone Soup version 0.26-a0-639-g72c4674329 (webtiles) character file.

Game seed: 6182030634972132206

104 Colgate the Chiller (level 4, 17/30 HPs)
             Began as a Merfolk Ice Elementalist on Sept 15, 2020.
             Quit the game on level 2 of the Dungeon.
             The game lasted 00:16:53 (1652 turns).

Colgate the Chiller (Merfolk Ice Elementalist)      Turns: 1652, Time: 00:16:54

Health: 17/30      AC:  3    Str:  8    XL:     4   Next: 80%
Magic:  4/7        EV: 13    Int: 15    God:
Gold:   125        SH:  0    Dex: 14    Spells: 3/7 levels left

rFire    . . .     SeeInvis .   g - +0 short sword
rCold    . . .     Faith    .   (no shield)
rNeg     . . .     Spirit   .   a - +0 robe
rPois    .         Reflect  .   (no helmet)
rElec    .         Harm     +   l - scarf {harm}
rCorr    .         Rampage  .   (no gloves)
MR       .....                  o - +0 pair of boots
Stlth    ++........             (no amulet)
HPRegen  0.10/turn              (no ring)
MPRegen  0.10/turn              (no ring)

@: no status effects
A: change form in water, swift swim, stealthy swim
a: no special abilities


You were on level 2 of the Dungeon.
You visited 1 branch of the dungeon, and saw 2 of its levels.

You collected 125 gold pieces.

Inventory:

Hand Weapons
 c - a +0 whip
 g - a +0 short sword (weapon)
Missiles
 f - 18 sling bullets
 j - 13 bolts
Armour
 a - a +0 robe (worn)
 l - a scarf of harm (worn)
 m - a +0 leather armour
 o - a +0 pair of boots (worn)
Scrolls
 d - a scroll of amnesia {unknown}
 e - 2 scrolls of identify {unknown}
 h - a scroll of remove curse {unknown}
 k - a scroll of enchant armour {unknown}
Potions
 i - a potion of curing {unknown}
 n - a potion of heal wounds {unknown}


   Skills:
 - Level 2.6 Dodging
 - Level 2.1 Stealth
 - Level 2.0 Spellcasting
 + Level 6.6 Ice Magic


You had 3 spell levels left.
You knew the following spells:

 Your Spells              Type           Power        Failure   Level
a - Freeze                Ice            ###.         1%          1
b - Frozen Ramparts       Ice            ###...       4%          3

Your spell library contained the following spells:

 Spells                   Type           Power        Failure   Level
 Ozocubu's Armour         Ice            ###.....     4%          3
 Hailstorm                Conj/Ice       ##......     50%         4
 Summon Ice Beast         Ice/Summ       ##......     50%         4


Dungeon Overview and Level Annotations

Branches:
Dungeon (2/15)

Altars:


Message History

The orc wizard shouts!
The orc wizard gestures at you while chanting.
The puff of frost misses you.
Sorry, you're not good enough to have a special ability.
Sorry, you're not good enough to have a special ability.
Casting: Frozen Ramparts (dangerous; 4% risk of failure)
Confirm with . or Enter, or press ? or * to list all spells.
The walls around you are covered in ice.
The wall freezes the orc wizard.
The wall freezes the orc wizard.
The orc wizard casts a spell at you. The puff of flame hits you!
The wall freezes the orc wizard.
The wall freezes the orc wizard.
You kill the orc wizard!
The frozen ramparts melt away.
Things that are here:
a +1 dagger of venom; a +0 robe; an orc corpse
Okay, then.
Are you sure you want to abandon this character and quit the game? (Confirm with "yes".)

#..........###....#
....#.....#........#
##.###...##.###...##
... ##.....# ## ###
#..#### #..# ######
#..# ......######..#
#.......@.#
##.###..######.#
...........†..?# #
#.###..######†#####..b.
#..# #)......... #..#
#)#####.### #..# #(#
...o....?.#
##.<..(.....


There were no monsters in sight!

Vanquished Creatures
  2 orc wizards (D:2)
  2 dart slugs (D:1)
  4 leopard geckos
  An orc (D:2)
  3 bats
  2 giant cockroaches (D:1)
  3 goblins
  8 hobgoblins
  3 jackals (D:2)
  A quokka (D:2)
  5 frilled lizards (D:1)
  2 kobolds (D:1)
  5 rats (D:1)
41 creatures vanquished.

Notes
Turn   | Place    | Note
-------+----------+-------------------------------------------
     0 | D:1      | Colgate the Merfolk Ice Elementalist began the quest for
                  | the Orb.
     0 | D:1      | Reached XP level 1. HP: 13/13 MP: 3/3
   108 | D:1      | Reached XP level 2. HP: 18/19 MP: 3/5
   220 | D:1      | Reached skill level 5 in Ice Magic
   858 | D:1      | Reached XP level 3. HP: 20/24 MP: 6/6
   866 | D:1      | Learned a level 3 spell: Frozen Ramparts
  1592 | D:2      | Reached skill level 6 in Ice Magic
  1592 | D:2      | Reached XP level 4. HP: 30/30 MP: 1/7
  1652 | D:2      | Quit the game

Illustrated notes

Levels and vault maps discovered:
D:1:      lightli_arrival_noodles, layout_basic, serial_curves, eino_curves_02,
          eino_curves_03
D:2:      layout_loops_ring, gammafunk_temple_overflow_wave,
          makhleb_blood_cavern_becter

Skill      XL: |  1  2  3 |
---------------+----------+-----
Ice Magic      | 5 6 |  6.6
Dodging        | |  2.6
Stealth        | |  2.1
Spellcasting   | |  2.0

Action                   |  1- 3 |  4- 6 || total
-------------------------+-------+-------++-------
Melee: Unarmed           |     2 |       ||     2
       Whip              |    18 |       ||    18
       Short sword       |    12 |       ||    12
Throw: Stone             |    30 |     1 ||    31
 Cast: Freeze            |    25 |       ||    25
       Frozen Ramparts   |    13 |     1 ||    14
 Stab: Sleeping          |     3 |       ||     3
Armor: Robe              |     3 |       ||     3
Dodge: Dodged            |    33 |     1 ||    34

Table legend: (Time is in decaauts)
 A = Elapsed time spent in this place.
 B = Non-inter-level travel time spent in this place.
 C = Inter-level travel time spent in this place.
 D = Time resting spent in this place.
 E = Time spent auto-exploring this place.
 F = Levels seen in this place.
 G = Mean time per level.
                   A        B        C        D        E       F      G
               +--------+--------+--------+--------+--------+-----+--------+
         Total |   1656 |   1605 |     51 |      0 |   1279 |   2 |  828.0 |
       Dungeon |   1656 |   1605 |     51 |      0 |   1279 |   2 |  828.0 |
               +--------+--------+--------+--------+--------+-----+--------+

Top non-repeatable levels by time:
     D:1: 1270 daAuts
     D:2: 386 daAuts
